 Dungeon Crawl Stone Soup version 0.25-a0-283-ge7e91ba8d0 (webtiles) character file.

Game seed: 3606084103931875853, levelgen mode: deterministic

71 Faustar the Cudgeler (level 4, 0/28 HPs)
             Began as a Gargoyle Berserker on Dec 11, 2019.
             Was a Believer of Trog.
             Slain by a worm (6 damage)
             ... on level 2 of the Dungeon.
             The game lasted 00:04:15 (1592 turns).

Faustar the Cudgeler (Gargoyle Berserker)           Turns: 1592, Time: 00:04:16

Health: 0/28       AC:  6    Str: 25    XL:     4   Next: 24%
Magic:  4/4        EV: 12    Int:  8    God:    Trog [**....]
Gold:   87         SH:  0    Dex:  9    Spells: 3/3 levels left

rFire    . . .     SeeInvis .   a - +0 mace
rCold    . . .     Gourm    .   (no shield)
rNeg     + . .     Faith    .   b - +0 animal skin
rPois    ∞         Spirit   .   j - +1 hat
rElec    +         Reflect  .   (no cloak)
rCorr    .         Harm     .   (no gloves)
MR       .....                  (no boots)
Stlth    +.........             (no amulet)
HPRegen  0.09/turn              l - +4 ring of strength
MPRegen  0.09/turn              (no ring)

@: no status effects
A: negative energy resistance 1, electricity resistance, unbreathing,
petrification resistance, rot immunity, AC +3
a: Berserk, Trog's Hand, Renounce Religion


You were on level 2 of the Dungeon.
You worshipped Trog.
Trog was pleased with you.
You were hungry.

You visited 1 branch of the dungeon, and saw 2 of its levels.

You collected 87 gold pieces.

Inventory:

Hand Weapons
 a - a +0 mace (weapon)
Armour
 b - a +0 animal skin (worn)
 j - a +1 hat (worn)
Jewellery
 l - a +4 ring of strength (left hand)
Scrolls
 d - 3 scrolls of teleportation {unknown}
 f - 2 scrolls of identify {unknown}
 g - a scroll of amnesia {unknown}
 h - a scroll of fear {unknown}
 i - a scroll of fog {unknown}
 k - a scroll of immolation {unknown}
Potions
 e - 2 potions of curing {unknown}
 m - a potion of agility {unknown}
Comestibles
 c - 5 rations


   Skills:
 - Level 3.2 Fighting
 + Level 5.0 Maces & Flails
 - Level 2.1 Armour
 - Level 1.5 Dodging


You had 3 spell levels left.
You didn't know any spells.
Your spell library was empty.

Dungeon Overview and Level Annotations

Branches:
Dungeon (2/15)

Altars:
Ru


Innate Abilities, Weirdness & Mutations

You are resistant to torment.
Your stone body is resilient. (AC +3)
You are immune to poison.
You resist negative energy. (rN+)
You are resistant to electric shocks. (rElec)
You can survive without breathing.
You are immune to petrification.
You are immune to rotting.


Message History

You see here 27 bolts.
You are too injured to fight recklessly!
You are too injured to fight recklessly!
You are too injured to fight recklessly!
You are too injured to fight recklessly!
You are too injured to fight recklessly!
You are too injured to fight recklessly!
You hit the worm but do no damage.
The worm is severely wounded.
You are feeling hungry.
You hit the worm.
The worm is severely wounded.
The worm bites you!
* * * LOW HITPOINT WARNING * * *
You sock the worm!
You kill the worm!
Trog accepts your kill.
Your Maces & Flails skill increases to level 5!
The worm bites you.
You die...

#... .... .... ....
#... ### #.. #.#
###'#######+###.#
....w.(.........#####
.......w(.(...(w@(..#
.......$.((.(..####.#
###'#######+#### #.#
#.. #†# #... #.# ....
#.# ...[ #.# ######
####.# #..... ###
##....# #.##.#


You could see a worm.

Vanquished Creatures
  An adder (D:2)
  An ooze (D:2)
  2 worms (D:2)
  A dart slug (D:1)
  A leopard gecko (D:1)
  3 bats
  4 giant cockroaches
  6 goblins
  3 hobgoblins (D:1)
  9 jackals (D:1)
  9 frilled lizards
  4 kobolds
  4 rats
48 creatures vanquished.

Notes
Turn   | Place    | Note
-------+----------+-------------------------------------------
     0 | D:1      | Faustar the Gargoyle Berserker began the quest for the Orb.
     0 | D:1      | Reached XP level 1. HP: 14/14 MP: 1/1
   232 | D:1      | Reached XP level 2. HP: 19/19 MP: 2/2
   383 | D:1      | Reached skill level 4 in Maces & Flails
   596 | D:1      | Reached XP level 3. HP: 22/23 MP: 3/3
   647 | D:1      | Reached ** piety under Trog
  1368 | D:2      | Found a sacrificial altar of Ru.
  1425 | D:2      | Reached XP level 4. HP: 28/28 MP: 4/4
  1591 | D:2      | Reached skill level 5 in Maces & Flails
  1592 | D:2      | Slain by a worm

Levels and vault maps discovered:
D:1:      dpeg_arrival_brainrot, layout_loops_ring, minmay_misc_feat_rows,
          minmay_lizard_king
D:2:      kennysheep_six_static_rooms, layout_loops_ring, minitemple,
          nicolae_ru_path_of_blood

Skill      XL: |  1  2  3  4 |
---------------+-------------+-----
Maces & Flails | 4 5 |  5.0
Fighting       | |  3.2
Armour         | |  2.1
Dodging        | |  1.5

Action                   |  1- 3 |  4- 6 || total
-------------------------+-------+-------++-------
Melee: Mace              |   154 |    23 ||   177
  Eat: Chunk             |     1 |     1 ||     2
Armor: Animal skin       |    47 |    14 ||    61
Dodge: Dodged            |   108 |    22 ||   130

Table legend:
 A = Non-vault XP
 B = Vault XP
 C = Vault XP percentage of total XP
 D = Non-vault monster count
 E = Vault monster count
 F = Vault count percentage of total count
                 A         B        C        D         E       F
            +---------+---------+-------+---------+---------+-------
      Total |      87 |      15 |  14.7 |      39 |       9 |  18.8
            +---------+---------+-------+---------+---------+-------
        D:1 |      48 |       9 |  15.8 |      26 |       7 |  21.2
        D:2 |      39 |       6 |  13.3 |      13 |       2 |  13.3
            +---------+---------+-------+---------+---------+-------
